 Dungeon Crawl Stone Soup version 0.23.0-28-g6fe0f4d (webtiles) character file.

Game seed: 13425931051707632673

114 Lavandula the Ruffian (level 4, 8/44 HPs)
             Began as a Troll Wanderer on Feb 25, 2019.
             Quit the game on level 4 of the Dungeon.
             The game lasted 00:03:59 (2227 turns).

Lavandula the Ruffian (Troll Wanderer)              Turns: 2227, Time: 00:04:00

Health: 8/44       AC:  9    Str: 21    XL:     4   Next: 66%
Magic:  3/3        EV: 11    Int:  8    God:
Gold:   130        SH:  0    Dex:  9    Spells: 3/3 levels left

rFire    . . .     SeeInvis .     - Unarmed
rCold    . . .     Gourm    +   (no shield)
rNeg     . . .     Faith    .   b - +0 robe
rPois    .         Spirit   .   (helmet restricted)
rElec    .         Reflect  .   h - +2 cloak
rCorr    .         Harm     .   (gloves unavailable)
MR       .....                  (boots unavailable)
Stlth    +.........             (no amulet)
HPRegen  0.54/turn              (no ring)
MPRegen  0.08/turn              (no ring)

@: lethally poisoned (8 -> -1)
A: large, unfitting armour, claws 3, fast metabolism 3, gourmand, regeneration
1, shaggy fur 1, tough skin 3
a: no special abilities


You were on level 4 of the Dungeon.
You were not hungry.

You visited 1 branch of the dungeon, and saw 4 of its levels.

You collected 130 gold pieces.

Inventory:

Hand Weapons
 a - a +2 spear
Armour
 b - a +0 robe (worn)
 h - a +2 cloak (worn)
Jewellery
 m - an uncursed ring of positive energy {unknown}
Scrolls
 e - a scroll of magic mapping {unknown}
 f - a scroll of enchant armour {unknown}
 l - 3 scrolls of teleportation {unknown}
 n - a scroll of immolation {unknown}
 o - a scroll of remove curse {unknown}
 p - a scroll of random uselessness {unknown}
Potions
 c - a potion of curing
 g - a potion of resistance {unknown}
 i - a potion of ambrosia {unknown}
 j - a potion of brilliance {unknown}
 k - 3 potions of heal wounds {unknown}
 q - a potion of invisibility {unknown}
Comestibles
 d - 7 rations


   Skills:
 - Level 2.4 Fighting
 - Level 1.0 Throwing
 - Level 4.1 Dodging
 - Level 1.0 Stealth
 + Level 4.4 Unarmed Combat


You had 3 spell levels left.
You didn't know any spells.
Your spell library was empty.

Dungeon Overview and Level Annotations

Branches:
Dungeon (4/15)
 Temple: D:4-7

Altars:
Dithmenos
Hepliaklqana
Okawaru


Innate Abilities, Weirdness & Mutations

You are too large for most types of armour.
You have claws for hands.
Your metabolism is lightning-fast.
You like to eat raw meat.
Your natural rate of healing is unusually fast.
You are covered in fur. (AC +1)
You have extremely tough skin. (AC +3)


Message History

You are lethally poisoned!
The worker ant poisons you!
The phantom blinks!
You scratch the worker ant.
The worker ant is severely wounded.
* * * LOW HITPOINT WARNING * * *
You feel sick.
The worker ant bites you but does no damage.
You barely miss the worker ant.
The worker ant is severely wounded.
* * * LOW HITPOINT WARNING * * *
You feel sick.
The worker ant bites you but does no damage.
You scratch the worker ant.
You kill the worker ant!
* * * LOW HITPOINT WARNING * * *
You feel sick.
Okay, then.
You aren't carrying any items that you can evoke without wielding.
Unknown command.
Are you sure you want to abandon this character and quit the game? (Confirm with "yes".)

#..# #..#
#..# #..#
#..# #.(#
#..# #.@#
...W....#
[#####.##
#. .. ###


You could see a phantom.

Vanquished Creatures
  A worker ant (D:4)
  2 adders (D:2)
  2 dart slugs
  2 leopard geckos (D:1)
  2 orcs (D:3)
  A giant cockroach (D:2)
  10 goblins
  8 hobgoblins
  4 jackals (D:3)
  6 bats
  2 frilled lizards (D:1)
  13 kobolds
  12 rats
65 creatures vanquished.

Notes
Turn   | Place    | Note
-------+----------+-------------------------------------------
     0 | D:1      | Lavandula the Troll Wanderer began the quest for the Orb.
     0 | D:1      | Lavandula set off with the following items: a +2 spear, a
                  | +0 robe, a potion of curing, 2 rations
     0 | D:1      | Reached XP level 1. HP: 22/22 MP: 0/0
    33 | D:1      | Reached skill level 1 in Unarmed Combat
   190 | D:1      | Reached XP level 2. HP: 29/29 MP: 1/1
   612 | D:1      | Reached XP level 3. HP: 36/36 MP: 2/2
  1085 | D:2      | Reached XP level 4. HP: 44/44 MP: 3/3
  1497 | D:3      | Found a hazy altar of Hepliaklqana.
  1676 | D:3      | Found a shadowy altar of Dithmenos.
  1888 | D:3      | Found an iron altar of Okawaru.
  2215 | D:4      | Noticed a phantom
  2227 | D:4      | Quit the game

Skill      XL: |  1  2  3  4 |
---------------+-------------+-----
Unarmed Combat | 1 2 3 4 |  4.4
Fighting       | |  2.4
Throwing       | |  1.0
Dodging        | |  4.1
Stealth        | |  1.0

Action                   |  1- 3 |  4- 6 || total
-------------------------+-------+-------++-------
Melee: Spear             |    77 |     4 ||    81
       Punch             |     3 |     1 ||     4
       Unarmed           |    52 |    64 ||   116
 Stab: Sleeping          |     4 |     1 ||     5
  Eat: Chunk             |    15 |     6 ||    21
Armor: Robe              |    27 |    39 ||    66
Dodge: Dodged            |    52 |    60 ||   112
